 Dungeon Crawl Stone Soup version 0.18.1-48-g4cf74bf (webtiles) character file.

94 Alarkh the Poker (level 4, -1/33 HPs)
             Began as a Mummy Skald on July 26, 2016.
             Killed by Lugonu's touch (33 damage)
             ... on level 3 of the Dungeon.
             The game lasted 00:03:11 (2001 turns).

Alarkh the Poker (Mummy Skald)                      Turns: 2001, Time: 00:03:11

Health: -1/33      AC:  3    Str: 15    XL:     4   Next: 38%
Magic:  6/7        EV: 11    Int: 12    God:
Gold:   75         SH:  0    Dex: 11    Spells: 1 memorised, 6 levels left

rFire  x . .     SeeInvis .     a - +0 spear
rCold  + . .     Gourm    .     b - +0 leather armour
rNeg   + + +     Faith    .     (no shield)
rPois  ∞         Spirit   .     (no helmet)
rElec  .         Dismiss  .     (no cloak)
rCorr  +         Reflect  .     (no gloves)
SustAt .         Harm     .     (no boots)
MR     .....                    (no amulet)
Stlth  +.........               (no ring)
                                h - ring of resist corrosion

@: infused, not resistant to hostile enchantments, very unstealthy
A: no food or potions, fire vulnerability, cold resistance 1, negative energy
resistance 3, torment resistance, unbreathing
a: no special abilities


You were on level 3 of the Dungeon.
You were not hungry.

You visited 1 branch of the dungeon, and saw 3 of its levels.

You collected 75 gold pieces.

Inventory:

Hand Weapons
 a - a +0 spear (weapon)
Armour
 b - a +0 leather armour (worn)
Jewellery
 h - a ring of resist corrosion (left hand)
 k - an uncursed amulet of dismissal
 m - an uncursed amulet of rage
Scrolls
 d - a scroll of remove curse
 e - a scroll of recharging
 f - a scroll of enchant weapon
 g - a scroll of immolation
 i - a scroll of teleportation {unknown}
 j - 2 scrolls of magic mapping
 l - a scroll of enchant armour {unknown}
Books
 c - a book of Battle

   Spells                             Type                      Level
   a - Infusion                       Charms                       1
   b - Shroud of Golubria             Charms/Translocation         2
   c - Song of Slaying                Charms                       2
   d - Spectral Weapon                Hexes/Charms                 3
   e - Regeneration                   Charms/Necromancy            3


   Skills:
 - Level 2.0 Fighting
 + Level 3.9 Polearms
 - Level 0.7 Armour
 - Level 0.7 Dodging
 - Level 2.0 Spellcasting
 - Level 2.4 Charms


You had 6 spell levels left.
You knew the following spells:

 Your Spells              Type           Power        Failure   Level  Hunger
a - Infusion              Chrm           #...         14%         1    N/A

Dungeon Overview and Level Annotations

Branches:
Dungeon (3/15)

Altars:
Xom
Lugonu

Annotations:
D:3 Grinder


Innate Abilities, Weirdness & Mutations

You do not eat or drink.
Your flesh is vulnerable to fire.
You are immune to poison.
Your flesh is cold resistant.
You are immune to negative energy.
You are immune to unholy pain and torment.
You can survive without breathing.


Message History

You hit the bat.
You kill the bat!
No target in view! 3 jackals and Grinder come into view.
Grinder shouts!
The jackal barks! x2
Grinder blinks!
A hobgoblin comes into view.
There are monsters nearby!
There are monsters nearby!
A jackal comes into view.
The hobgoblin shouts!
The hobgoblin moves out of view.
Attack whom?
Press: ? - help, Dir - move target cursor, f - jackal
Aim: a jackal You reach to attack!
You barely miss the jackal. The jackal closely misses you.
Lugonu's wrath finds you!
You are crushed and pinned by an extremely strong localised spatial distortion!
Ouch! That really hurt!
You die... ........ ..#... #..... .. ...h. ..> #. $..# .... ... hh#

#.... ... #h#
#...).
#.##@####.....
#.........#
#.........##..
.##............#
.......<.....###
.##.........## .
#.........#
............#
....<.......#


You could see 4 jackals.

Vanquished Creatures
  3 adders (D:2)
  An ooze (D:2)
  A worm (D:2)
  3 dart slugs (D:1)
  A giant gecko (D:2)
  3 ball pythons
  11 bats
  2 giant cockroaches (D:1)
  5 goblins (D:1)
  4 hobgoblins
  4 jackals (D:2)
  A quokka (D:2)
  4 giant newts
  4 kobolds
  8 rats
55 creatures vanquished.

Notes
Turn   | Place    | Note
--------------------------------------------------------------
     0 | D:1      | Alarkh the Mummy Skald began the quest for the Orb.
     0 | D:1      | Reached XP level 1. HP: 16/16 MP: 3/3
    79 | D:1      | Reached skill level 2 in Polearms
   174 | D:1      | Reached XP level 2. HP: 20/22 MP: 1/5
   228 | D:1      | Found a shimmering altar of Xom.
   768 | D:1      | Reached XP level 3. HP: 27/27 MP: 4/6
   839 | D:1      | Reached skill level 3 in Polearms
  1133 | D:2      | Reached XP level 4. HP: 17/33 MP: 1/7
  1143 | D:2      | Found a faded altar to an unknown god.
  1584 | D:2      | Became a worshipper of Lugonu the Unformed
  1584 | D:2      | Reached * piety under Lugonu
  1584 | D:2      | Reached ** piety under Lugonu
  1584 | D:2      | Fell from the grace of Lugonu
  1999 | D:3      | Noticed Grinder
  2001 | D:3      | Killed by Lugonu's touch

Skill      XL: |  1  2  3 |
---------------+----------+-----
Polearms       | 2 3 |  3.9
Fighting       | |  2.0
Armour         | |  0.7
Dodging        | |  0.7
Spellcasting   | |  2.0
Charms         | |  2.4

Action                   |  1- 3 |  4- 6 || total
-------------------------+-------+-------++-------
Melee: Spear             |   138 |    66 ||   204
 Cast: Infusion          |    19 |     8 ||    27
Invok: Renounce Religion |       |     1 ||     1
  Use: Scroll            |     1 |     4 ||     5
 Stab: Sleeping          |     1 |       ||     1
       Distracted        |     1 |       ||     1
Armor: Leather armour    |    24 |    13 ||    37
Dodge: Dodged            |    62 |    53 ||   115
